 Dungeon Crawl Stone Soup version 0.31.0-9-g3a7656b989 (webtiles) character file.

Game seed: 14958418333953695507

808 qw the Shooter (level 7, -2/35 HPs)
             Began as a Spriggan Hunter on Feb 2, 2024.
             Was an Initiate of Okawaru.
             Slain by Duvessa
             ... wielding a +0 short sword
              (6 damage)
             ... on level 6 of the Dungeon.
             The game lasted 00:00:18 (4147 turns).

qw the Shooter (Spriggan Hunter)                    Turns: 4147, Time: 00:00:18

Health: -2/35      AC:  2    Str:  7    XL:     7   Next: 60%
Magic:  8/8        EV: 23    Int: 10    God:    Okawaru [......]
Gold:   263        SH:  0    Dex: 21    Spells: 6/6 levels left

rFire   . . .        a - +0 shortbow
rCold   . . .        (shield currently unavailable)
rNeg    . . .        c - +0 robe
rPois   .            (helmet restricted)
rElec   .            (no cloak)
rCorr   .            (gloves unavailable)
SInv    +            (boots unavailable)
Will    +....        (no amulet)
Stlth   ++           (no ring)
HPRegen 0.25/turn    (no ring)
MPRegen 0.11/turn

%: no passive effects
@: about to teleport, very quick
A: very small, no large weapons, unfitting armour, see invisible, speed 3
a: Renounce Religion


You were on level 6 of the Dungeon.
You worshipped Okawaru.
Okawaru was noncommittal.
You visited 2 branches of the dungeon, and saw 7 of its levels.

You collected 285 gold pieces.
You spent 22 gold pieces at shops.


Innate Abilities, Weirdness & Mutations

You are very small and have problems with some larger weapons.
You are too small for most types of armour.
You have supernaturally acute eyesight. (SInv)
You cover ground extremely quickly. (Speed+++)


   Skills:
 - Level 2.0 Fighting
 + Level 7.7 Ranged Weapons
 - Level 7.4 Dodging
 - Level 1.5 Stealth


You had 6 spell levels left.
You didn't know any spells.
Your spell library was empty.

Inventory:

Hand Weapons
 a - a +0 shortbow (weapon)
Armour
 c - a +0 robe (worn)
Jewellery
 i - a ring of ice
Wands
 e - a wand of flame (7)
Potions
 d - 2 potions of heal wounds
 f - a potion of magic
 j - 2 potions of mutation
 l - 2 potions of curing
 m - 2 potions of resistance

Dungeon Overview and Level Annotations

Branches:
Dungeon (6/15)             Temple (1/1) D:5

Altars:
Ashenzari
Cheibriados
Dithmenos
Elyvilon
Fedhas
Gozag
Kikubaaqudgha
Makhleb
Nemelex Xobeh
Okawaru
Qazlal
Ru
Trog
Uskayaw
Vehumet
Wu Jian
Yredelemnul
Zin
The Shining One

Shops:
D:1 [?   D:4 =

Annotations:
D:6 Dowan, Duvessa


Message History

You shoot an arrow. The arrow barely misses Duvessa.
You shoot an arrow.
The arrow hits Duvessa but does no damage.
Duvessa is lightly wounded.
Duvessa hits you with a +0 short sword.
You shoot an arrow. The arrow barely misses Duvessa.
Duvessa hits you with a +0 short sword.
You shoot an arrow. The arrow hits Duvessa.
Duvessa is moderately wounded.
Duvessa closely misses you.
You shoot an arrow. The arrow hits Duvessa!
Duvessa is heavily wounded.
Duvessa closely misses you.
You shoot an arrow.
The arrow hits Duvessa but does no damage.
Duvessa is heavily wounded.
Duvessa misses you. The phantom completely misses you.
You shoot an arrow.
The arrow hits Duvessa but does no damage.
Duvessa is heavily wounded.
Duvessa misses you. The phantom barely misses you.
You shoot an arrow.
The arrow hits Duvessa but does no damage.
Duvessa is heavily wounded.
Duvessa says, "Where magic fails, the sword succeeds!"
Duvessa hits you with a +0 short sword. The phantom hits you.
The phantom blinks!
You blink.
Dowan, Brother of Duvessa comes into view.
He is wielding a +0 dagger and wearing a +2 robe of willpower.
You shoot an arrow. The arrow hits the phantom.
The phantom is lightly damaged.
The phantom completely misses you.
A gnoll comes into view. It is wielding a +0 spear.
4145 ||| RETREEEEATING.
4146 ||| RETREEEEATING.
Duvessa hits you with a +0 short sword!
4147 ||| READING scroll of teleportation.
As you read the scroll of teleportation, it crumbles to dust.
You feel strangely unstable. Duvessa hits you with a +0 short sword.
You die...

#.. #.# #
#.# ##.#.
#.# ......
#.##.##.g.
#.......#
#W...$...
#.##.##.e
#@e..#
#..### #
#..####.#
#.#..<..#
##.#.####
###.# #.#
#.# #.#


You could see Duvessa and a phantom.

Vanquished Creatures
  A water moccasin (D:5)
  An ice beast (D:5)
  A sky beast (D:4)
  2 scorpions
  A jelly (D:5)
  3 orc priests
  2 iguanas (D:5)
  Natasha (D:3)
  2 sleepcaps (D:5)
  A gnoll (D:1)
  4 adders
  A white imp (D:4)
  2 ufetubi (D:5)
  A dart slug (D:5)
  4 ribbon worms
  4 orcs (D:3)
  13 endoplasms
  A giant cockroach (D:2)
  8 goblins
  9 hobgoblins
  4 jackals (D:1)
  9 kobolds
  5 quokkas
  A ball python (D:2)
  5 bats
  A frilled lizard (D:1)
  3 rats (D:1)
90 creatures vanquished.

Notes
Turn   | Place    | Note
-------+----------+-------------------------------------------
     0 | D:1      | qw the Spriggan Hunter began the quest for the Orb.
     0 | D:1      | Reached XP level 1. HP: 10/10 MP: 2/2
     0 | D:1      | 0 ||| qw: Version: 0.3-a-155-g5e7d8dd
     0 | D:1      | 0 ||| qw: Game counter: 171
     0 | D:1      | 0 ||| qw: Melee chars always use a shield: true
     0 | D:1      | 0 ||| qw: God list: Okawaru
     0 | D:1      | 0 ||| qw: Allow faded altars: false
     0 | D:1      | 0 ||| qw: Do Orc after clearing Dungeon:15 true
     0 | D:1      | 0 ||| qw: Do second Lair branch before Depths: true
     0 | D:1      | 0 ||| qw: Lair rune preference: random
     0 | D:1      | 0 ||| qw: Goals: Normal
     0 | D:1      | 0 ||| PLANNING D:1-11
    36 | D:1      | Reached skill level 3 in Dodging
   126 | D:1      | Reached XP level 2. HP: 14/14 MP: 3/3
   263 | D:1      | Reached XP level 3. HP: 18/18 MP: 4/4
   487 | D:1      | Found Jaaguh's Magic Scroll Emporium.
   494 | D:1      | 494 ||| SHOPLISTING scroll of enchant armour (82 gold, have
                  | 29).
   494 | D:1      | 494 ||| SHOPLISTING scroll of enchant weapon (82 gold, have
                  | 29).
   494 | D:1      | 494 ||| BUYING scroll of identify (22 gold).
   494 | D:1      | Bought a scroll of identify for 22 gold pieces
   494 | D:1      | 494 ||| SHOPLISTING scroll of identify (22 gold, have 7).
   494 | D:1      | 494 ||| SHOPLISTING scroll of teleportation (33 gold, have
                  | 7).
   516 | D:1      | Found Fokkiwke's Armour Shop.
   521 | D:1      | 521 ||| SHOPLISTING +1 robe of Syndicalism {rElec rF-
                  | Will+} (201 gold, have 7).
   782 | D:1      | 782 ||| READING 5 scrolls of identify.
   782 | D:1      | 782 ||| IDENTIFYING dark potion
   783 | D:1      | 783 ||| READING 4 scrolls of identify.
   783 | D:1      | 783 ||| IDENTIFYING bubbling brown potion
   784 | D:1      | 784 ||| READING 3 scrolls of identify.
   784 | D:1      | 784 ||| IDENTIFYING golden potion
   785 | D:1      | 785 ||| READING 2 scrolls of identify.
   785 | D:1      | 785 ||| IDENTIFYING white potion
   786 | D:1      | 786 ||| READING scroll of identify.
   786 | D:1      | 786 ||| IDENTIFYING pink potion
   787 | D:1      | 787 ||| READING scroll labelled ILAATODAKK.
   788 | D:1      | 788 ||| READING scroll labelled ULUSSO YCEUCS.
   789 | D:1      | 789 ||| DROPPING scroll of butterflies.
   790 | D:1      | 790 ||| DROPPING potion of lignification.
   791 | D:1      | 791 ||| DROPPING potion of magic.
  1303 | D:2      | Reached XP level 4. HP: 18/22 MP: 5/5
  1498 | D:2      | 1498 ||| READING 3 scrolls of identify.
  1498 | D:2      | 1498 ||| IDENTIFYING red potion
  1499 | D:2      | 1499 ||| READING 2 scrolls of identify.
  1499 | D:2      | 1499 ||| IDENTIFYING fuming dark potion
  1500 | D:2      | 1500 ||| READING scroll of identify.
  1500 | D:2      | 1500 ||| IDENTIFYING 2 amethyst potions
  1501 | D:2      | 1501 ||| READING scroll labelled QUROEGIUMO.
  1502 | D:2      | 1502 ||| READING scroll labelled YGY YJEPODIY.
  1506 | D:2      | 1506 ||| DROPPING potion of degeneration.
  1908 | D:3      | Reached XP level 5. HP: 26/26 MP: 6/6
  2121 | D:3      | Noticed Natasha
  2130 | D:3      | Killed Natasha
  2302 | D:3      | 2302 ||| DROPPING ring of flight.
  2303 | D:3      | 2303 ||| READING scroll of identify.
  2303 | D:3      | 2303 ||| IDENTIFYING cyan potion
  2304 | D:3      | 2304 ||| DROPPING potion of brilliance.
  2534 | D:4      | Found Doizorro's Jewellery Shop.
  2539 | D:4      | 2539 ||| SHOPLISTING +5 ring of evasion (396 gold, have
                  | 200).
  2539 | D:4      | 2539 ||| SHOPLISTING amulet "Girusum" {RegenMP rF+ rC+}
                  | (561 gold, have 200).
  2539 | D:4      | 2539 ||| SHOPLISTING amulet of faith (440 gold, have 200).
  2539 | D:4      | 2539 ||| SHOPLISTING amulet of guardian spirit (330 gold,
                  | have 200).
  2539 | D:4      | 2539 ||| SHOPLISTING amulet of regeneration (330 gold, have
                  | 200).
  2539 | D:4      | 2539 ||| SHOPLISTING ring of protection from fire (275
                  | gold, have 200).
  2938 | D:4      | Found a stormy altar of Qazlal.
  2938 | D:4      | Noticed a sky beast
  2939 | D:4      | 2939 ||| DRINKING potion of haste.
  2949 | D:4      | Killed a sky beast
  2950 | D:4      | Reached skill level 6 in Ranged Weapons
  2950 | D:4      | Reached XP level 6. HP: 30/30 MP: 7/7
  2959 | D:4      | Found a blossoming altar of Fedhas.
  2960 | D:4      | Found a hide-covered altar of Uskayaw.
  3139 | D:4      | Found a sparkling altar of Nemelex Xobeh.
  3147 | D:4      | 3147 ||| READING scroll labelled HEOG OXKE JEETT.
  3149 | D:4      | 3149 ||| Stepping ~*~*~tactically~*~*~ (cloud).
  3230 | D:5      | Entered Level 5 of the Dungeon
  3276 | D:5      | Found a basalt altar of Yredelemnul.
  3283 | D:5      | Reached skill level 6 in Dodging
  3308 | D:5      | Noticed a water moccasin
  3309 | D:5      | 3309 ||| ZAPPING wand of flame (17) at 7,-5 (water
                  | moccasin; floor).
  3310 | D:5      | 3310 ||| ZAPPING wand of flame (16) at 5,-4 (water
                  | moccasin; floor).
  3311 | D:5      | 3311 ||| ZAPPING wand of flame (15) at 4,-3 (water
                  | moccasin; floor).
  3312 | D:5      | 3312 ||| ZAPPING wand of flame (14) at 3,-2 (water
                  | moccasin; floor).
  3313 | D:5      | 3313 ||| ZAPPING wand of flame (13) at 1,0 (water moccasin;
                  | floor).
  3314 | D:5      | 3314 ||| ZAPPING wand of flame (12) at 1,0 (water moccasin;
                  | floor).
  3315 | D:5      | 3315 ||| ZAPPING wand of flame (11) at 1,0 (water moccasin;
                  | floor).
  3316 | D:5      | 3316 ||| ZAPPING wand of flame (10) at 1,0 (water moccasin;
                  | floor).
  3317 | D:5      | 3317 ||| ZAPPING wand of flame (9) at 1,0 (water moccasin;
                  | floor).
  3318 | D:5      | 3318 ||| ZAPPING wand of flame (8) at 1,0 (water moccasin;
                  | floor).
  3318 | D:5      | Killed a water moccasin
  3353 | D:5      | Reached XP level 7. HP: 35/35 MP: 8/8
  3365 | D:5      | Found an opulent altar of Gozag.
  3429 | D:5      | Found a staircase to the Ecumenical Temple.
  3430 | D:5      | 3430 ||| PLANNING TEMPLE
  3431 | D:5      | 3431 ||| READING scroll of identify.
  3431 | D:5      | 3431 ||| IDENTIFYING murky grey potion
  3433 | D:5      | 3433 ||| DROPPING potion of attraction.
  3489 | Temple   | Entered the Ecumenical Temple
  3490 | Temple   | 3490 ||| PLANNING OKAWARU WORSHIP
  3501 | Temple   | Became a worshipper of Warmaster Okawaru
  3502 | Temple   | 3502 ||| PLANNING D:1-11
  4132 | D:6      | Noticed Duvessa
  4143 | D:6      | Noticed Dowan
  4145 | D:6      | 4145 ||| RETREEEEATING.
  4146 | D:6      | 4146 ||| RETREEEEATING.
  4146 | D:6      | HP: 4/35 [Duvessa/+0 short sword (13)]
  4147 | D:6      | 4147 ||| READING scroll of teleportation.
  4147 | D:6      | Slain by Duvessa

Levels and vault maps discovered:
D:1:      dpeg_arrival_refuge, layout_basic, serial_shops, shop,
          nicolae_shop_rolling_square, chequers_serial_rivers_small_a
D:2:      layout_basic, serial_forest, infiniplex_forest_straight_4,
          infiniplex_forest_clump_long, infiniplex_forest_diagonal,
          infiniplex_forest_lined_2, infiniplex_forest_zigzag_1,
          infiniplex_forest_lined_room_, infiniplex_forest_clump_small
D:3:      layout_basic, kennysheep_cluttered_room, grunt_ministairs_10,
          uniq_natasha
D:4:      layout_basic, nemelex_diamond_rough_becter,
          nicolae_qazlal_beasts_of_the_sky, minitemple, serial_shops,
          nicolae_shop_getting_attention
D:5:      layout_gridville, mainiacjoe_overflow_small_starburst,
          nicolae_gozag_cash_rules_everything_around_me,
          minmay_temple_entry_proselytizer
D:6:      layout_loops_cross, uniq_duvessa
Temple:   nicolae_temple_god_jail

Skill      XL: |  1  2  3  4  5  6  7 |
---------------+----------------------+-----
Dodging        | 3 4 5 6 7 |  7.4
Ranged Weapons | 5 6 7 |  7.7
Fighting       | 2 |  2.0
Stealth        | |  1.5

Action                     |  1- 3 |  4- 6 |  7- 9 || total
---------------------------+-------+-------+-------++-------
   Fire: Shortbow          |   118 |   124 |    85 ||   327
  Evoke: Wand              |       |    10 |       ||    10
    Use: Scroll            |     7 |     7 |     2 ||    16
         Potion            |       |     1 |       ||     1
 Armour: Robe              |     5 |    10 |    20 ||    35
  Dodge: Dodged            |    38 |    31 |    67 ||   136

Table legend:
 A = Non-vault XP
 B = Vault XP
 C = Vault XP percentage of total XP
 D = Non-vault monster count
 E = Vault monster count
 F = Vault count percentage of total count
                 A         B        C        D         E       F
            +---------+---------+-------+---------+---------+-------
      Total |     903 |     252 |  21.8 |      83 |       7 |   7.8
            +---------+---------+-------+---------+---------+-------
        D:1 |      61 |       0 |   0.0 |      29 |       0 |   0.0
        D:2 |      46 |       0 |   0.0 |      16 |       0 |   0.0
        D:3 |      81 |      84 |  50.9 |      15 |       5 |  25.0
        D:4 |      28 |     127 |  81.9 |       9 |       1 |  10.0
        D:5 |     604 |      41 |   6.4 |      13 |       1 |   7.1
        D:6 |      83 |       0 |   0.0 |       1 |       0 |   0.0
            +---------+---------+-------+---------+---------+-------
